 Dungeon Crawl Stone Soup version 0.31-a0-875-g02e7d12df6 (webtiles) character file.

Game seed: 2303892498602091091

350 CowFu the Chopper (level 6, -5/51 HPs)
             Began as a Hill Orc Reaver on Oct 12, 2023.
             Slain by a lemure (8 damage)
             ... led by Pikel
             ... on level 4 of the Dungeon.
             The game lasted 00:05:45 (2969 turns).

CowFu the Chopper (Hill Orc Reaver)                 Turns: 2969, Time: 00:05:45

Health: -5/51      AC:  4    Str: 17    XL:     6   Next: 60%
Magic:  8/8        EV: 11    Int: 19    God:
Gold:   186        SH:  0    Dex:  9    Spells: 7/8 levels left

rFire   . . .        a - +0 hand axe
rCold   . . .        (no shield)
rNeg    . . .        i - +0 leather armour
rPois   .            (no helmet)
rElec   .            (no cloak)
rCorr   .            h - +0 pair of gloves
SInv    .            (no boots)
Will    .....        g - amulet of regeneration
Stlth   +            j - +6 ring of intelligence
HPRegen 1.08/turn    (no ring)
MPRegen 0.11/turn

%: no passive effects
@: attractive
A: no striking features
a: no special abilities


You were on level 4 of the Dungeon.
You visited 1 branch of the dungeon, and saw 4 of its levels.
You also visited: Sewer.

You collected 186 gold pieces.

Inventory:

Hand Weapons
 a - a +0 hand axe (weapon)
 b - a +1 whip of distortion
Armour
 h - a +0 pair of gloves (worn)
 i - a +0 leather armour (worn)
Magical Staves
 r - a staff of death
Jewellery
 g - an amulet of regeneration (around neck)
 j - a +6 ring of intelligence (left hand)
 q - an amulet of faith
Scrolls
 c - 2 scrolls of immolation
 d - 2 scrolls of fear {unknown}
 f - 3 scrolls of identify {unknown}
 k - a scroll of amnesia {unknown}
 l - a scroll of enchant weapon {unknown}
 n - a scroll of fog {unknown}
 p - a scroll of teleportation {unknown}
 s - a scroll of summoning {unknown}
Potions
 e - 2 potions of attraction
 m - a potion of brilliance {unknown}
 o - a potion of haste {unknown}


   Skills:
 - Level 3.0 Fighting
 + Level 6.5 Axes
 + Level 2.2 Armour
 + Level 2.5 Dodging
 - Level 1.5 Spellcasting
 + Level 3.9 Conjurations
 + Level 2.2 Necromancy


You had 7 spell levels left.
You knew the following spells:

 Your Spells              Type           Power      Damage    Failure   Level
a - Kiss of Death         Conj/Necr      52%        2d9       6%          1

Your spell library contained the following spells:

 Spells                   Type           Power      Damage    Failure   Level
 Momentum Strike          Conj/Tloc      16%        3d8       14%         2
 Hailstorm                Conj/Ice       8%         3d4       28%         3
 Haunt                    Necr/Summ      2%         N/A       100%        7
 Borgnjor's Revivificati  Necr           5%         N/A       100%        8
 Death's Door             Necr           5%         N/A       100%        9


Dungeon Overview and Level Annotations

Branches:
Dungeon (4/15)              Sewer (visited)
 Temple: D:4-7

Altars:
Cheibriados
Dithmenos
Nemelex Xobeh
Vehumet
Zin

Annotations:
D:3 2 transporters, pigah's ghost, amateur OpSh
D:4 Pikel


Message History

There is a stone staircase leading up here.
The lemure attacks as it pursues you! The lemure closely misses you.
There is a stone staircase leading up here.
You closely miss the lemure.
The lemure is lightly wounded.
The lemure hits you.
You closely miss the lemure. Your punch misses the lemure.
The lemure is lightly wounded.
You barely miss Pikel.
Pikel hits you with a +1 whip of freezing.
Pikel freezes you. The lemure closely misses you.
You closely miss the lemure. Your punch misses the lemure.
The lemure is lightly wounded.
You hit Pikel. You hit the lemure. The lemure hits you.
The lemure hits you but does no damage.
Pikel hits you with a +1 whip of freezing.
Pikel freezes you.
You hit Pikel.
Pikel is moderately wounded.
You closely miss the lemure. You hit the lemure but do no damage.
The lemure misses you.
Pikel hits you with a +1 whip of freezing!
Pikel freezes you. The lemure hits you but does no damage.
You hit Pikel.
Pikel is moderately wounded.
You hit the lemure but do no damage. x2; The lemure hits you. x2
* * * LOW HITPOINT WARNING * * *
Pikel barely misses you.
You completely miss Pikel.
Pikel is moderately wounded.
You hit the lemure but do no damage. You completely miss the lemure.
The lemure hits you.
* * * LOW HITPOINT WARNING * * *
The lemure hits you.
* * * LOW HITPOINT WARNING * * *
Pikel barely misses you.
It was a potion of attraction.
You feel attractive to monsters. The lemure hits you!
You die...

#.....####....#
.........#....###
.............##.#.
#...#5....##.... ######
#..#...$....# ###~#~.#
#...........##..#~#~##
.##...##5......#..#~#~##
......5#5...###...#~#~~#
...#...@K5.####...#~##~#
...##.###.####....#~~~~#
.. ##..##.........####~#
#......#.).....#~~~~~
#.###.####.....#~####
#.. ##....#~~~~~ ....
#.....####~# .....
#...†...~~~÷
....................~.


You could see Pikel and 4 lemures.

Vanquished Creatures
  A bullfrog (Sewer)
  An orc priest (D:2)
  An orc wizard (D:3)
  A river rat (D:4)
  6 adders
  6 worms
  3 dart slugs
  10 orcs (D:3)
  A bat (D:3)
  12 endoplasms
  11 giant cockroaches
  6 goblins
  6 hobgoblins
  2 jackals (D:3)
  7 kobolds
  14 quokkas
  19 ball pythons
  12 frilled lizards
  9 rats
128 creatures vanquished.

Notes
Turn   | Place    | Note
-------+----------+-------------------------------------------
     0 | D:1      | CowFu the Hill Orc Reaver began the quest for the Orb.
     0 | D:1      | Reached XP level 1. HP: 18/18 MP: 3/3
   180 | D:1      | Reached XP level 2. HP: 25/25 MP: 4/4
   294 | D:1      | Reached skill level 5 in Axes
   440 | D:1      | Reached XP level 3. HP: 30/30 MP: 5/5
  1346 | D:2      | Found a faded altar of an unknown god.
  1421 | D:3      | Reached XP level 4. HP: 25/26 MP: 6/6
  1559 | D:3      | Reached skill level 1 in Armour
  1559 | D:3      | Reached skill level 1 in Necromancy
  1707 | D:3      | Found a glowing silver altar of Zin.
  1717 | D:3      | Found a snail-covered altar of Cheibriados.
  1891 | D:2      | Reached XP level 5. HP: 27/40 MP: 7/7
  2034 | D:3      | Found a transporter.
  2057 | D:3      | Noticed pigah's ghost (amateur OpSh)
  2177 | D:3      | Found a transporter.
  2267 | D:3      | Reached skill level 6 in Axes
  2430 | D:3      | Found a sparkling altar of Nemelex Xobeh.
  2434 | D:3      | Found a radiant altar of Vehumet.
  2437 | D:3      | Found a shadowy altar of Dithmenos.
  2554 | D:4      | Found a glowing drain.
  2560 | Sewer    | Entered a sewer
  2633 | Sewer    | Reached XP level 6. HP: 44/50 MP: 8/8
  2951 | D:4      | Noticed Pikel
  2968 | D:4      | HP: 2/51 [lemure[Pikel] (5)]
  2969 | D:4      | Slain by a lemure

Illustrated notes

Levels and vault maps discovered:
D:1:      giann_horns, layout_loops_ring, chequers_serial_rivers_micro_b
D:2:      layout_rooms, hellmonk_ecumenical_altar_blasted, nicolae_eternal_life
D:3:      layout_basic, mainiacjoe_overflow_large_starburst,
          minmay_overflow_temple_star_quad, gammafunk_ghost_stat_death
D:4:      layout_cave_pools, lightli_sewer_entry_pipes,
          nicolae_wooded_promenade, uniq_pikel, uniq_crazy_yiuf_cottage

Skill      XL: |  1  2  3  4  5  6 |
---------------+-------------------+-----
Axes           | 5 6 |  6.5
Armour         | 1 2 |  2.2
Necromancy     | 1 2 |  2.2
Fighting       | 3 |  3.0
Dodging        | 2 |  2.5
Spellcasting   | |  1.5
Conjurations   | |  3.9

Action                     |  1- 3 |  4- 6 || total
---------------------------+-------+-------++-------
  Melee: Hand axe          |   145 |   374 ||   519
         Punch             |     3 |     1 ||     4
   Cast: Kiss of Death     |     3 |       ||     3
    Use: Potion            |       |     1 ||     1
 Armour: Leather armour    |    85 |   236 ||   321
  Dodge: Dodged            |    76 |   201 ||   277

Table legend: (Time is in decaauts)
 A = Elapsed time spent in this place.
 B = Non-inter-level travel time spent in this place.
 C = Inter-level travel time spent in this place.
 D = Time resting spent in this place.
 E = Time spent auto-exploring this place.
 F = Levels seen in this place.
 G = Mean time per level.
                   A        B        C        D        E       F      G
               +--------+--------+--------+--------+--------+-----+--------+
         Total |   3066 |   2999 |     67 |      0 |   2003 |   5 |  613.2 |
       Dungeon |   2671 |   2604 |     67 |      0 |   1880 |   4 |  667.8 |
         Sewer |    395 |    395 |      0 |      0 |    123 |   1 |  395.0 |
               +--------+--------+--------+--------+--------+-----+--------+

Top non-repeatable levels by time:
     D:3: 1045 daAuts
     D:1: 871 daAuts
     D:2: 560 daAuts
   Sewer: 395 daAuts
     D:4: 194 daAuts
